 Dungeon Crawl Stone Soup version 0.22-a0-833-g8522bf8125 (webtiles) character file.

10768 Mirvelgyr the Severer (level 11, -8/151 HPs)
             Began as a Minotaur Berserker on July 25, 2018.
             Was a High Priest of Trog.
             Mangled by a meliai
             ... wielding a +0 war axe
              (11 damage)
             ... on level 12 of the Dungeon.
             The game lasted 00:14:33 (10767 turns).

Mirvelgyr the Severer (Minotaur Berserker)         Turns: 10767, Time: 00:14:33

Health: -8/151     AC: 21    Str: 28    XL:     11   Next: 40%
Magic:  3/3        EV:  9    Int:  4    God:    Trog [*****.]
Gold:   848        SH:  0    Dex: 12    Spells: 10/10 levels left

rFire    . . .     SeeInvis .   P - +2 executioner's axe (antimagic)
rCold    . . .     Gourm    +   (shield currently unavailable)
rNeg     + . .     Faith    .   r - +4 plate armour
rPois    +         Spirit   .   (helmet restricted)
rElec    .         Reflect  .   (no cloak)
rCorr    .         Harm     .   l - +0 pair of gloves
MR       .....                  w - +0 pair of boots
Stlth    ..........             I - amulet of the gourmand
HPRegen  0.35/turn              F - ring of poison resistance
MPRegen  0.08/turn              z - ring of positive energy

@: berserking, very quick
A: retaliatory headbutt, horns 2
a: Berserk, Trog's Hand, Brothers in Arms, Renounce Religion


You were on level 12 of the Dungeon.
You worshipped Trog.
Trog was extremely pleased with you.
You were very full.

You visited 1 branch of the dungeon, and saw 12 of its levels.
You also visited: Ossuary.

You collected 848 gold pieces.

Inventory:

Hand Weapons
 P - a +2 antimagic executioner's axe (weapon)
Armour
 l - a +0 pair of gloves (worn)
 r - a +4 plate armour (worn)
 w - a +0 pair of boots (worn)
Jewellery
 z - a ring of positive energy (right hand)
 B - an uncursed ring of flight
 F - a ring of poison resistance (left hand)
 I - an amulet of the gourmand (around neck)
 J - an uncursed ring of protection from cold
Wands
 g - a wand of digging (19)
Scrolls
 a - a scroll of vulnerability {unknown}
 d - 11 scrolls of remove curse
 f - 7 scrolls of blinking
 i - 6 scrolls of enchant armour
 k - 4 scrolls of magic mapping
 o - 4 scrolls of fog
 p - 6 scrolls of teleportation
 q - a scroll of random uselessness {unknown}
 H - a scroll of immolation {unknown}
 K - a scroll of fear {unknown}
 N - a scroll of acquirement {unknown}
 O - 3 scrolls of enchant weapon
 Q - 2 scrolls of identify
Potions
 e - 6 potions of curing
 h - 4 potions of mutation
 j - 3 potions of heal wounds
 n - a potion of might {unknown}
 s - 6 potions of agility
 t - 4 potions of haste
 u - 3 potions of magic {unknown}
 v - a potion of degeneration {unknown}
 x - 4 potions of cancellation {unknown}
 D - 2 potions of lignification {unknown}
 E - 2 potions of brilliance {unknown}
 M - 2 potions of resistance {unknown}
Comestibles
 c - 15 rations


   Skills:
 - Level 10.7 Fighting
 + Level 15.4 Axes
 - Level 10.3 Armour
 - Level 3.7 Dodging


You had 10 spell levels left.
You didn't know any spells.
Your spell library was empty.

Dungeon Overview and Level Annotations

Branches:
Dungeon (12/15)            Temple (0/1) D:7            Lair (0/6) D:9
    Orc (0/2) D:10

Altars:
Ashenzari
Cheibriados
Dithmenos
Elyvilon
Nemelex Xobeh
Okawaru
Uskayaw
Xom
Yredelemnul
Zin
The Shining One
Beogh


Innate Abilities, Weirdness & Mutations

You reflexively headbutt those who attack you in melee.
You have a pair of horns on your head.


Message History

You closely miss the meliai. The meliai hits you with a hand axe.
* * * LOW HITPOINT WARNING * * *
The meliai stings you but does no damage.
The meliai hits you but does no damage. The meliai stings you!
* * * LOW HITPOINT WARNING * * *
The meliai hits you with a hand axe.
* * * LOW HITPOINT WARNING * * *
The meliai stings you but does no damage.
The meliai hits you but does no damage.
The meliai stings you but does no damage.
You slice the meliai!!
You kill the meliai!
Trog accepts your kill.
You barely miss the meliai. The meliai hits you but does no damage.
The meliai stings you but does no damage.
You closely miss the meliai. The meliai hits you but does no damage.
The meliai barely misses you.
You miss the meliai. Your headbutt misses the meliai.
The meliai hits you with a war axe!
You die...

......... #.......
#....... #.......
#......# ##......#
......y)+ #...@#
######
#....##+#####....####
#....................
#....................
#......<....#######..
#...........# #..
#......#...........#
#..
#......#.##+#.....##
#.. #......#. ###...#
#..


You could see a meliai.

Vanquished Creatures
  A two-headed ogre (D:10)
  An unseen horror (D:10)
  Pikel (D:5)
  An ugly thing (D:11)
  2 trolls
  2 meliai (D:12)
  2 hippogriffs
  Sigmund (D:6)
  2 hungry ghosts (D:11)
  11 orc warriors
  A slave (D:5)
  3 ice beasts
  2 sky beasts
  2 black bears
  8 ogres
  4 centaurs
  2 necrophages (D:12)
  3 big kobolds
  5 bullfrogs
  9 scorpions
  9 killer bees
  4 electric eels (D:9)
  4 howler monkeys
  4 crimson imps (D:11)
  3 centaur zombies
  5 jellies
  2 hounds
  2 human zombies (Ossuary)
  6 orc priests
  3 centaur skeletons
  3 gnoll shamans
  Terence (D:2)
  Jessica (D:4)
  A bullfrog skeleton (D:12)
  6 iguanas
  Natasha (thrice) (D:2)
  11 orc wizards
  11 worker ants
  A big kobold zombie (Ossuary)
  A hound skeleton (D:6)
  2 mummies (Ossuary)
  A worker ant zombie (D:6)
  23 gnolls
  12 adders
  3 scorpion zombies (Ossuary)
  A shadow imp (D:9)
  An ooze (D:3)
  An adder zombie (D:5)
  A worm (D:3)
  3 dart slugs
  8 leopard geckos
  63 orcs
  3 giant cockroaches
  A gnoll zombie (Ossuary)
  5 goblins
  4 hobgoblins (D:2)
  15 jackals
  18 kobolds
  4 quokkas
  A ball python (D:2)
  8 bats
  8 frilled lizards
  4 goblin zombies (Ossuary)
  2 hobgoblin zombies (Ossuary)
  2 kobold zombies (Ossuary)
  A leopard gecko skeleton (D:4)
  An orc zombie (Ossuary)
  A quokka skeleton (D:4)
  A quokka zombie (D:5)
  8 rats
  5 plants
355 creatures vanquished.

Vanquished Creatures (others)
  A mummy (Ossuary)
  6 fungi (D:8)
  4 plants
11 creatures vanquished.

Grand Total: 366 creatures vanquished

Notes
Turn   | Place    | Note
-------+----------+-------------------------------------------
     0 | D:1      | Mirvelgyr the Minotaur Berserker began the quest for the Orb.
     0 | D:1      | Reached XP level 1. HP: 19/19 MP: 0/0
   267 | D:1      | Reached XP level 2. HP: 27/27 MP: 1/1
   275 | D:1      | Reached skill level 4 in Axes
   819 | D:2      | Reached XP level 3. HP: 33/33 MP: 2/2
   822 | D:2      | Reached ** piety under Trog
   830 | D:2      | Found a sparkling altar of Nemelex Xobeh.
  1080 | D:2      | Noticed Natasha
  1087 | D:2      | Killed Natasha
  1087 | D:2      | Reached XP level 4. HP: 30/40 MP: 3/3
  1255 | D:2      | Noticed Terence
  1270 | D:2      | Killed Terence
  1498 | D:2      | Noticed Natasha
  1505 | D:2      | Killed Natasha
  1505 | D:2      | Reached skill level 5 in Axes
  1590 | D:2      | Reached XP level 5. HP: 47/47 MP: 4/4
  1890 | D:2      | Noticed Natasha
  1898 | D:2      | Killed Natasha
  2345 | D:3      | Found a hide-covered altar of Uskayaw.
  2394 | D:3      | Reached XP level 6. HP: 49/55 MP: 5/5
  2462 | D:3      | Found a shattered altar of Ashenzari.
  2479 | D:3      | Reached skill level 5 in Fighting
  2491 | D:3      | Found a shadowy altar of Dithmenos.
  2493 | D:3      | Found a basalt altar of Yredelemnul.
  2494 | D:3      | Found a white marble altar of Elyvilon.
  2542 | D:3      | Reached *** piety under Trog
  2621 | D:3      | Reached skill level 6 in Axes
  2649 | D:3      | Found an iron altar of Okawaru.
  2650 | D:3      | Found a shattered altar of Ashenzari.
  2696 | D:3      | Found a shimmering altar of Xom.
  2698 | D:3      | Found a shimmering altar of Xom.
  2698 | D:3      | Found a sparkling altar of Nemelex Xobeh.
  2700 | D:3      | Found a snail-covered altar of Cheibriados.
  2700 | D:3      | Found a glowing golden altar of the Shining One.
  2700 | D:3      | Found a basalt altar of Yredelemnul.
  2906 | D:4      | Found a glowing silver altar of Zin.
  3455 | D:4      | Reached XP level 7. HP: 61/61 MP: 6/6
  3491 | D:4      | Reached skill level 7 in Axes
  3653 | D:4      | Noticed Jessica
  3661 | D:4      | Killed Jessica
  3790 | D:5      | Entered Level 5 of the Dungeon
  3835 | D:5      | Reached skill level 5 in Armour
  4395 | D:5      | Noticed Pikel
  4419 | D:5      | Killed Pikel
  4419 | D:5      | Reached skill level 9 in Axes
  4419 | D:5      | Reached XP level 8. HP: 55/71 MP: 7/7
  4983 | D:6      | Noticed Sigmund
  5000 | D:6      | Killed Sigmund
  5291 | D:6      | Reached skill level 10 in Axes
  5493 | D:7      | Found a snail-covered altar of Cheibriados.
  5510 | D:7      | Reached XP level 9. HP: 81/81 MP: 8/8
  5534 | D:7      | Found a sand-covered staircase.
  5538 | Ossuary  | Entered an ossuary
  5555 | Ossuary  | Reached **** piety under Trog
  5960 | D:7      | Found a staircase to the Ecumenical Temple.
  6276 | D:7      | Found a sparkling altar of Nemelex Xobeh.
  6505 | D:8      | Reached skill level 11 in Axes
  6699 | D:8      | Reached ***** piety under Trog
  6824 | D:8      | Reached skill level 12 in Axes
  7265 | D:8      | Reached XP level 10. HP: 59/91 MP: 9/9
  7637 | D:9      | Found a staircase to the Lair.
  7666 | D:9      | Found a roughly hewn altar of Beogh.
  7674 | D:9      | Received a gift from Trog
  8421 | D:9      | Reached skill level 13 in Axes
  8473 | D:9      | Reached skill level 10 in Fighting
  8769 | D:10     | Entered Level 10 of the Dungeon
  8935 | D:10     | Found a staircase to the Orcish Mines.
  8935 | D:10     | Noticed a two-headed ogre
  8938 | D:10     | Killed a two-headed ogre
  8938 | D:10     | Reached skill level 10 in Armour
  9001 | D:10     | Killed an unseen horror
  9086 | D:10     | Reached XP level 11. HP: 101/101 MP: 3/10
  9086 | D:10     | Reached skill level 14 in Axes
  9933 | D:11     | Noticed a white ugly thing
  9941 | D:11     | Killed a white ugly thing
 10588 | D:12     | Reached skill level 15 in Axes
 10764 | D:12     | HP: 4/151 [meliai/war axe (7)]
 10767 | D:12     | Mangled by a meliai

Vault maps used:
D:1:      kennysheep_arrival_seaside
D:2:      nemelex_xobeh_ov_fountains_minmay, uniq_natasha, uniq_terence,
          uniq_jessica
D:3:      doesnt_xom_only_xom, eat_drink_and_be_merry_uskayaw,
          grunt_temple_overflow_open, ashenzari_altar_1
D:4:      minmay_wonky_spiral, nicolae_overflow_crystal_walls
D:5:      first_ration, uniq_pikel
D:6:      uniq_sigmund
D:7:      cheibriados_altar_1, minmay_temple_entry_large_hall,
          nicolae_ossuary_entry_plus, nemelex_lonely_heart_becter
D:8:      kennysheep_seaside_town
D:9:      lair_entry_dummy, serial_bayou, serial_bayou_lake_a,
          serial_bayou_pond_c, serial_bayou_shore_b, serial_bayou_lagoon_a,
          serial_bayou_shore_a
D:10:     orc_0_dummy
D:12:     basic_altar
Ossuary:  ossuary_minmay_scorpions

Skill      XL: |  1  2  3  4  5  6  7  8  9 10 11 |
---------------+----------------------------------+-----
Axes           | 4 5 6 9 10 12 13 15 | 15.4
Fighting       | 4 5 6 7 9 10 | 10.7
Armour         | 3 4 6 7 8 10 | 10.3
Dodging        | 3 |  3.7

Action                   |  1- 3 |  4- 6 |  7- 9 | 10-12 || total
-------------------------+-------+-------+-------+-------++-------
Melee: Hand axe          |    52 |   184 |   375 |    72 ||   683
       Headbutt          |    10 |    34 |    99 |    53 ||   196
       Executioner's axe |       |       |       |   217 ||   217
Invok: Berserk           |       |     3 |     5 |     8 ||    16
       Trog's Hand       |       |     1 |     3 |     1 ||     5
  Use: Scroll            |       |       |    14 |     2 ||    16
 Stab: Sleeping          |     1 |       |       |       ||     1
  Eat: Chunk             |       |     8 |    11 |    36 ||    55
       Ration            |       |     1 |     2 |     4 ||     7
Armor: Animal skin       |     7 |     1 |       |       ||     8
       Chain mail        |       |    70 |       |       ||    70
       Plate armour      |       |    55 |   196 |   268 ||   519
Dodge: Dodged            |    43 |    86 |   102 |   128 ||   359

Table legend:
 A = Spawn XP
 B = Non-spawn XP
 C = Spawn XP percentage of total XP
 D = Spawn monster count
 E = Non-spawn monster count
 F = Spawn count percentage of total count
 G = Total turns spent on level
                    A         B        C        D         E        F      G
               +---------+---------+-------+---------+---------+-------+---------
         Total |       0 |   15384 |   0.0 |       0 |     349 |   0.0 | 10767
               +---------+---------+-------+---------+---------+-------+---------
           D:1 |       0 |      38 |   0.0 |       0 |      18 |   0.0 |   816
           D:2 |       0 |     254 |   0.0 |       0 |      37 |   0.0 |  1541
           D:3 |       0 |     153 |   0.0 |       0 |      27 |   0.0 |   571
           D:4 |       0 |     434 |   0.0 |       0 |      20 |   0.0 |   862
           D:5 |       0 |    1074 |   0.0 |       0 |      14 |   0.0 |   954
           D:6 |       0 |     636 |   0.0 |       0 |      14 |   0.0 |   679
           D:7 |       0 |     473 |   0.0 |       0 |      13 |   0.0 |   793
           D:8 |       0 |    2024 |   0.0 |       0 |      37 |   0.0 |   883
           D:9 |       0 |    2408 |   0.0 |       0 |      58 |   0.0 |  1385
          D:10 |       0 |    3285 |   0.0 |       0 |      39 |   0.0 |   614
          D:11 |       0 |    2532 |   0.0 |       0 |      38 |   0.0 |  1202
          D:12 |       0 |    1472 |   0.0 |       0 |      10 |   0.0 |   182
       Ossuary |       0 |     601 |   0.0 |       0 |      24 |   0.0 |   285
               +---------+---------+-------+---------+---------+-------+---------
